 Dungeon Crawl Stone Soup version 0.31.0-9-g3a7656b989 (webtiles) character file.

Game seed: 10362819651121020001

3065909 iamserjio the Acrobat (level 26, 182/206 HPs)
             Began as a Deep Elf Gladiator on Jan 24, 2024.
             Was an Elder of Hepliaklqana.
             Escaped with the Orb
             ... and 5 runes!
             The game lasted 02:20:01 (72313 turns).

iamserjio the Acrobat (Deep Elf Gladiator)         Turns: 72313, Time: 02:20:02

Health: 182/206    AC: 34    Str: 17    XL:     26   Next: 49%
Magic:  39/43      EV: 34    Int: 20    God:    Hepliaklqana [****..]
Gold:   2876       SH: 11    Dex: 25    Spells: 4/53 levels left

rFire   + . .        J - +9 demon blade (freeze)
rCold   . . .        e - +3 warlock's mirror {omnireflect}
rNeg    + + .        (body armour currently unavailable)
rPois   ∞            a - +2 hat {Stlth+}
rElec   +            A - +4 cloak of Lugonu, Enfolding {rPois rN+ rCorr}
rCorr   +            (gloves currently unavailable)
SInv    .            U - melded +3 pair of mountain boots {steadfast, rC+}
Will    +++..        u - amulet of guardian spirit
Stlth   +            C - ring "Gariod" {rPois rF+ Str+6 Dex+3}
HPRegen 0.54/turn    M - ring of willpower
MPRegen 0.28/turn

%: reflection, guardian spirit
@: statue-form, studying 3 skills, very slow
A: slow and powerful, torment resistance 1, boosted hp, reduced essence
0: Orb of Zot
}: 5/15 runes: decaying, slimy, silver, abyssal, gossamer
a: Begin Untransformation, Renounce Religion, Recall Ancestor, Ancestor
Identity, Transference, Idealise


You escaped.
You worshipped Hepliaklqana.
Hepliaklqana was greatly pleased with you.
You were a living statue of rough stone.
You visited 12 branches of the dungeon, and saw 54 of its levels.
You visited the Abyss 1 time.
You also visited: Wizlab.

You collected 8096 gold pieces.
You spent 5220 gold pieces at shops.

Inventory:

Hand Weapons
 J - a +9 demon blade of freezing (weapon)
 Y - the +3 Elemental Staff {ele, rElec rF+ rC+ AC+3}
   (You took it off a spriggan berserker on level 2 of the Depths)

   AC+3:      It affects your AC (+3).
   rF+:       It protects you from fire.
   rC+:       It protects you from cold.
   rElec:     It insulates you from electricity.
Missiles
 d - 5 throwing nets {!f}
 N - 6 curare-tipped darts (quivered)
Armour
 a - a +2 hat of stealth (worn)
 e - the +3 warlock's mirror (worn) {omnireflect}
   (You found it on level 5 of the Pits of Slime)

   Omnireflect: It can block and reflect piercing ranged attacks and magical
   attacks against the wielder's willpower.
 A - the +4 cloak of Lugonu, Enfolding (worn) {rPois rN+ rCorr}
   (You found it in a wizard's laboratory)

   rPois:     It protects you from poison rN+: It protects you from negative
   energy.
   rCorr:     It protects you from acid and corrosion.
 H - the +18 shield of the Gong {Loud rN+ Will+ rCorr EV-5}
   (You found it on level 1 of the Depths)

   Loud:      It is deafeningly noisy when blocking attacks.
   EV-5:      It affects your evasion (-5).
   rN+:       It protects you from negative energy.
   Will+:     It increases your willpower.
   rCorr:     It protects you from acid and corrosion.
 U - the +3 pair of mountain boots (melded) {steadfast, rC+}
   (You acquired it on level 3 of the Spider Nest)

   Steadfast: It prevents involuntary movement, except for blinking,
   teleportation, or banishment.
   rC+:       It protects you from cold.
Jewellery
 m - a +6 ring of dexterity
 s - a ring of see invisible
 u - an amulet of guardian spirit (around neck)
 x - a ring of flight
 y - a ring of protection from cold
 z - a ring of protection from fire
 C - the ring "Gariod" (left fist) {rPois rF+ Str+6 Dex+3}
   (You bought it in a shop on level 2 of the Vaults)

   [ring of strength]

   Str+6:     It affects your strength (+6).
   Dex+3:     It affects your dexterity (+3).
   rF+:       It protects you from fire.
   rPois:     It protects you from poison
 E - an amulet of regeneration
 K - a ring of wizardry
 L - the ring "Ixzusm" {rPois rF+ Stlth+}
   (You took it off a vault warden on level 5 of the Vaults)

   [ring of poison resistance]

   rF+:       It protects you from fire.
   rPois:     It protects you from poison Stlth+: It makes you more stealthy.
 M - a ring of willpower (right fist)
 O - a ring of willpower
Talismans
 R - a granite talisman (active)
Wands
 h - a wand of quicksilver (32)
 p - a wand of digging (13) {@v3}
 w - a wand of roots (61)
 Q - a wand of paralysis (26)
 Z - a wand of mindburst (38)
Scrolls
 c - 3 scrolls of fog
 g - 5 scrolls of immolation
 l - a scroll of silence
 n - 11 scrolls of teleportation {@r3}
 q - 2 scrolls of blinking {@r4}
 D - 2 scrolls of butterflies
 T - 6 scrolls of fear
Potions
 b - 4 potions of ambrosia
 f - 12 potions of enlightenment
 i - 11 potions of lignification
 j - 7 potions of magic
 k - 3 potions of mutation
 o - 10 potions of might {@q3}
 v - a potion of invisibility
 B - 32 potions of curing {@q1}
 F - 5 potions of attraction
 I - 4 potions of haste {@q4}
 P - 2 potions of resistance {@q5}
 V - 4 potions of cancellation
 W - 4 potions of heal wounds {@q2}
Miscellaneous
 r - a box of beasts (inert)
 t - a tin of tremorstones (2/2)
 S - a lightning rod (4/4)
 X - a phantom mirror (inert)


   Skills:
 - Level 21.0 Fighting
 - Level 18.0 Long Blades
 - Level 2.0 Throwing
 - Level 5.0 Armour
 + Level 23.8 Dodging
 - Level 12.0 Shields
 - Level 14.0 Spellcasting
 - Level 7.1 Hexes
 - Level 15.8 Summonings
 - Level 8.0 Necromancy
 - Level 14.1 Translocations
 - Level 6.0 Ice Magic
 - Level 5.0 Air Magic
 - Level 5.0 Earth Magic
 - Level 13.2 Invocations
 - Level 7.0 Evocations
 - Level 16.0 Shapeshifting


You had 4 spell levels left.
You knew the following spells:

 Your Spells              Type           Power      Damage    Failure   Level
a - Ozocubu's Armour      Ice            38%        N/A       1%          3
b - Passwall              Erth           34%        N/A       1%          3
c - Summon Mana Viper     Hex/Summ       56%        N/A       1%          5
d - Passage of Golubria   Tloc           63%        N/A       1%          4
e - Blink                 Tloc           100%       N/A       1%          2
f - Summon Forest         Summ/Tloc      32%        N/A       1%          5
g - Summon Lightning Spi  Summ/Air       53%        N/A       1%          4
h - Vhi's Electric Charg  Tloc/Air       100%       N/A       1%          4
i - Lesser Beckoning      Tloc           100%       N/A       1%          2
j - Summon Cactus Giant   Summ           33%        N/A       1%          6
k - Manifold Assault      Tloc           63%        N/A       1%          4
l - Malign Gateway        Summ/Tloc      32%        N/A       10%         7

Your spell library contained the following spells:

 Spells                   Type           Power      Damage    Failure   Level
 Apportation              Tloc           100%       N/A       0%          1
 Summon Small Mammal      Summ           100%       N/A       0%          1
 Kiss of Death            Conj/Necr      100%       2d13      1%          1
 Sandblast                Erth           68%        2d15      1%          1
 Shock                    Conj/Air       96%        1d9       1%          1
 Slow                     Hex            100%       N/A       1%          1
 Cigotuvi's Dreadful Rot  Necr/Alch/Air  62%        N/A       1%          2
 Ensorcelled Hibernation  Hex/Ice        80%        N/A       1%          2
 Jinxbite                 Hex            84%        N/A       1%          2
 Momentum Strike          Conj/Tloc      84%        3d10      1%          2
 Call Canine Familiar     Summ           67%        N/A       1%          3
 Confusing Touch          Hex            42%        N/A       1%          3
 Fugue of the Fallen      Necr           46%        N/A       1%          3
 Gell's Gravitas          Tloc           63%        N/A       1%          3
 Sigil of Binding         Hex            42%        N/A       1%          3
 Summon Ice Beast         Ice/Summ       55%        N/A       1%          3
 Swiftness                Air            34%        N/A       1%          3
 Teleport Other           Tloc           63%        N/A       1%          3
 Tukima's Dance           Hex            42%        N/A       1%          3
 Vampiric Draining        Necr           46%        2d9       1%          3
 Volatile Blastmotes      Fire/Tloc      84%        2d17      1%          3
 Animate Armour           Summ/Erth      100%       N/A       1%          4
 Dimensional Bullseye     Hex/Tloc       27%        N/A       1%          4
 Dispel Undead            Necr           46%        3d18      1%          4
 Martyr's Knell           Necr/Summ      57%        N/A       1%          4
 Summon Blazeheart Golem  Fire/Summ      45%        N/A       1%          4
 Mercury Vapours          Alch/Air       48%        N/A       2%          2
 Static Discharge         Conj/Air       48%        3-5/arc   2%          2
 Anguish                  Hex/Necr       22%        N/A       2%          4
 Cause Fear               Hex            21%        N/A       2%          4
 Iskenderun's Mystic Bla  Conj/Tloc      42%        2d10      2%          4
 Dazzling Flash           Conj/Hex       56%        N/A       3%          3
 Inner Flame              Hex/Fire       28%        N/A       3%          3
 Hailstorm                Conj/Ice       26%        3d7       4%          3
 Magic Dart               Conj           56%        1d5       5%          1
 Sting                    Conj/Alch      56%        1d6       5%          1
 Stone Arrow              Conj/Erth      48%        3d10      5%          3
 Airstrike                Air            17%        2d(3-19)  7%          4
 Scorch                   Fire           28%        2d6       8%          2
 Searing Ray              Conj           28%        2d5       8%          2
 Mephitic Cloud           Conj/Alch/Air  20%        N/A       9%          3
 Brom's Barrelling Bould  Conj/Erth      24%        2d5       19%         4
 Flame Wave               Conj/Fire      14%        2d6       45%         4
 Fulminant Prism          Conj/Alch      7%         3d7       45%         4
 Ignite Poison            Fire/Alch      14%        N/A       45%         4
 Olgreb's Toxic Radiance  Alch           14%        N/A       45%         4
 Sticky Flame             Fire/Alch      14%        2d5       45%         4
 Dispersal                Tloc           31%        N/A       2%          6
 Monstrous Menagerie      Summ           33%        N/A       7%          7
 Summon Hydra             Summ           33%        N/A       7%          7
 Silence                  Hex/Air        19%        N/A       12%         5
 Lee's Rapid Deconstruct  Erth           17%        3d10*     19%         5
 Death Channel            Necr           23%        N/A       30%         6
 Freezing Cloud           Conj/Ice/Air   14%        6-21      32%         5
 Haunt                    Necr/Summ      28%        N/A       32%         7
 Yara's Violent Unravell  Hex/Alch       14%        3d7       34%         5
 Arcjolt                  Conj/Air       12%        1d22      45%         5
 Disjunction              Tloc           31%        N/A       71%         8
 Alistair's Intoxication  Alch           9%         N/A       82%         5
 Fireball                 Conj/Fire      7%         3d5       82%         5
 Iskenderun's Battlesphe  Conj           14%        2d7       82%         5
 Spellforged Servitor     Conj/Summ      22%        N/A       86%         7
 Sculpt Simulacrum        Ice/Alch       13%        N/A       93%         6
 Enfeeble                 Hex            21%        N/A       94%         7
 Bombard                  Conj/Erth      12%        9d3       96%         6
 Conjure Ball Lightning   Conj/Air       12%        3x3d6     96%         6
 Ozocubu's Refrigeration  Ice            19%        4d11      98%         7
 Eringya's Noxious Bog    Alch           7%         4d6       100%        6
 Starburst                Conj/Fire      7%         6d4       100%        6
 Orb of Destruction       Conj           7%         9d6       100%        7
 Borgnjor's Revivificati  Necr           23%        N/A       100%        8
 Discord                  Hex            21%        N/A       100%        8
 Ignition                 Fire           7%         3d4       100%        8
 Lehudib's Crystal Spear  Conj/Erth      12%        10d4      100%        8
 Maxwell's Capacitive Co  Air            17%        ∞         100%        8
 Death's Door             Necr           23%        N/A       100%        9


Dungeon Overview and Level Annotations

Branches:
Dungeon (15/15)            Temple (1/1) D:6            Lair (5/5) D:10
  Swamp (4/4) Lair:2       Spider (4/4) Lair:3        Slime (5/5) Lair:4
    Orc (2/2) D:12            Elf (3/3) Orc:2        Vaults (5/5) D:14
  Crypt (1/3) Vaults:2     Depths (4/4) D:15            Zot (5/5) Depths:4
 WizLab (visited)

Altars:
Ashenzari
Cheibriados
Dithmenos
Elyvilon
Fedhas
Gozag
Hepliaklqana
Kikubaaqudgha
Makhleb
Nemelex Xobeh
Okawaru
Qazlal
Ru
Sif Muna
Trog
Uskayaw
Vehumet
Wu Jian
Xom
Yredelemnul
Zin
The Shining One
Jiyva

Shops:
D:2 [   D:3 (   D:8 =   D:9 *   Orc:2 :(*[:   Elf:1 ::=   Vaults:1 *
Vaults:2 =   Vaults:3 (   Depths:1 *   Depths:2 [   Depths:3 !

Portals:
Hell: Depths:1 Depths:2 Depths:3 Depths:4
Abyss: Depths:1 Depths:3 Depths:4
Pandemonium: Depths:1 Depths:2 Depths:3
Ziggurat: Depths:2
Trove: D:13 (give 5 scrolls of fog)

Annotations:
Swamp:2 Mlioglotl
Vaults:3 Bai Suzhen


Message History

Citlalmina freezes the neqoxec!
The neqoxec dies!
Ancestor HP restored.
HP restored.
There is an escape hatch in the ceiling here.
A mysterious force pulls you upwards. The hatch slams shut behind you.
What level of the Dungeon? (default 3, ? - help) Magic restored.
A Tzitzimitl comes into view.
The Tzitzimitl calls on the powers of darkness!
Your body is wracked with pain!
Casting: Passage of Golubria (safe; 1% risk of failure)
A mana viper appears with a sibilant hiss.
Your mana viper barely misses the Tzitzimitl.
The Tzitzimitl engulfs you but does no damage.
The Tzitzimitl bites you but does no damage.
You slash the Tzitzimitl! The Tzitzimitl completely misses you.
You block the Tzitzimitl's attack.
You slice the Tzitzimitl!! You freeze the Tzitzimitl.
The Tzitzimitl gestures at you. The bolt of negative energy misses you.
Citlalmina barely misses the Tzitzimitl.
You slash the Tzitzimitl! The Tzitzimitl engulfs you. The Tzitzimitl bites you!
Citlalmina barely misses the Tzitzimitl.
You slice the Tzitzimitl!! You freeze the Tzitzimitl.
The Tzitzimitl engulfs you but does no damage.
The Tzitzimitl closely misses you.
Citlalmina hits the Tzitzimitl with a +0 lajatang of freezing!!
You miss the Tzitzimitl. You block the Tzitzimitl's attack.
The Tzitzimitl completely misses you.
You slice the Tzitzimitl!!
You kill the Tzitzimitl!
There is a stone staircase leading up here.
You climb upwards.
Your summoned ally is left behind.
There is a stone staircase leading down here.
What level of the Dungeon? (default 1, ? - help) You're already here!
You see here 6 stones.
There is a staircase leading out of the dungeon here.
You have escaped!

..###.......# #######.###.
..#....###.## #.....#.# #.
..#....# #.# ###.....#.# #.
..#....# #.# ## ####.......#.###.
.......###.###≈##≈##.......#.....
###........##≈♣≈≈P≈##......######
##.......###≈♣8♣P8P≈#............
...........##.♣..P≈##.#..#.######
##.....#........8.....#..#.#
##...###...##.P..P≈##.##.#.#
##.........#≈P8PP8P≈#....#.#####
##.##......##≈P≈≈P≈#####.....(>#
##.####.....##≈##≈####...#####.#
##.#.....#...######..).### #.#
.........##.........#### #.#
#........######.##### #.#
#....##### #..÷###### #.#


There were no monsters in sight!

Vanquished Creatures
  the Royal Jelly (Slime:5)
  5 dread liches
  2 orbs of fire (Zot:5)
  3 ancient liches
  Mara (Spider:4)
  A juggernaut (Depths:2)
  3 Killer Klowns (Zot:5)
  2 caustic shrikes
  8 golden dragons
  A curse toe (Zot:5)
  3 electric golems
  A Tzitzimitl (D:2)
  Jorgrun (Elf:1)
  4 tentacled monstrosities
  6 Orb Guardians (Zot:5)
  A walking earthen tome (Depths:3)
  3 liches
  8 quicksilver dragons
  7 titans
  A walking frostbound tome (Depths:2)
  2 sphinxes
  2 tentacled starspawn (Abyss:3)
  A deep elf master archer (Elf:3)
  A deep elf blademaster (Elf:3)
  2 acid blobs
  The ghost of martbhell the Warrior, an adept MiBe of Trog (Swamp:4)
  2 eldritch tentacles (WizLab)
  3 tengu reavers
  6 death cobs
  The ghost of Amikeex the Brawler, an adept TrMo of Nemelex Xobeh (Depths:1)
  7 storm dragons
  2 thorn hunters
  9 rockslimes
  6 shadow dragons
  2 azure jellies
  A protean progenitor (Zot:5)
  7 draconian monks
  3 draconian knights
  Donald (Orc:2)
  2 iron dragons
  7 fire giants
  An emperor scorpion (Spider:4)
  4 deep elf sorcerers
  3 frost giants
  The ghost of Quickbrownfox the Destroyer, a journeyman DsCj of Gozag (Spider:3)
  A draconian shifter (Depths:4)
  2 draconian scorchers (Zot:4)
  6 ghost moths
  12 vault wardens
  10 ironbound preservers
  A reaper (Depths:4)
  2 cacodemons (Depths:4)
  2 draconian stormcallers
  5 draconian annihilators (Zot:3)
  2 ghouls (Swamp:2)
  2 ironbound thunderhulks
  8 stone giants
  5 broodmothers
  2 orc warlords
  18 very ugly things
  2 quicksilver oozes (Slime:5)
  5 green draconians
  3 deep elf death magi
  6 dire elephants
  A deep elf demonologist (Elf:3)
  A vampire knight (Depths:2)
  7 purple draconians
  2 white draconians
  2 deep elf annihilators
  2 red draconians
  5 yellow draconians
  4 black draconians
  A war gargoyle (Vaults:3)
  2 bunyips
  3 eleionomae
  3 spark wasps
  2 blizzard demons
  2 ettins (Vaults:5)
  A crystal guardian (Vaults:3)
  A quicksilver dragon zombie (Vaults:5)
  8 yaktaur captains
  6 fire dragons
  An entropy weaver (shapeshifter) (D:13)
  2 shambling mangroves (Swamp:3)
  3 entropy weavers
  A jiangshi (Vaults:2)
  2 deep elf high priests (Elf:3)
  3 great orbs of eyes
  2 rakshasas
  17 hydras
  Harold (D:9)
  2 ice dragons (Depths:1)
  An ogre mage (Vaults:5)
  A peacekeeper (Vaults:3)
  18 vault guards
  2 hell beasts
  6 ironbound frosthearts
  3 radroaches
  5 ghost crabs
  A spriggan air mage (Depths:3)
  4 centaur warriors
  7 alligators
  20 dancing weapons
  6 death yaks
  3 boulder beetles
  4 demonic crawlers
  3 deep troll shamans
  3 deep troll earth magi
  3 orc high priests (Orc:2)
  Urug (Lair:1)
  5 spriggan berserkers
  4 hell knights (Vaults:5)
  A shock serpent (shapeshifter) (Vaults:5)
  A thrashing horror (Abyss:3)
  A soul eater (Depths:1)
  2 sun demons
  12 deep elf knights
  9 spriggans
  4 wretched stars (Abyss:3)
  A fire crab (shapeshifter) (Vaults:5)
  4 iron trolls
  A shadow wraith (WizLab)
  6 sixfirhies
  A death drake (Swamp:2)
  3 skeletal warriors (D:14)
  4 pharaoh ants
  7 swamp dragons
  27 deep trolls
  2 goliath frogs (Swamp:1)
  A storm dragon skeleton (WizLab)
  A flayed ghost (Vaults:5)
  5 orb spiders
  2 spriggan druids
  11 deep elf archers
  2 arcanists (Vaults:4)
  2 sun moths
  A glowing orange brain (shapeshifter) (Vaults:3)
  11 bog bodies
  Pikel (D:5)
  3 steelbarb worms
  5 glowing orange brains
  10 ironbound convokers
  2 necromancers (Vaults:5)
  17 deep elf pyromancers
  7 lindwurms
  An obsidian statue (Depths:4)
  19 deep elf zephyrmancers
  2 oklob plants
  6 orc sorcerers
  A shining eye (Slime:5)
  4 will-o-the-wisps
  3 phantasmal warriors
  5 orc knights
  21 ugly things
  A shining eye (shapeshifter) (Depths:4)
  15 moths of wrath
  A cyclops (D:14)
  15 wolf spiders
  2 manticores (D:15)
  A human skeleton (Vaults:3)
  A kobold blastminer (Orc:1)
  2 large abominations
  6 elephants
  An apocalypse crab (Abyss:3)
  3 black mambas
  A molten gargoyle (Lair:5)
  An orange demon (Abyss:3)
  8 cane toads
  2 gargoyles
  4 torpor snails
  8 vault sentinels
  A torpor snail (shapeshifter) (Vaults:5)
  An eye of devastation (shapeshifter) (WizLab)
  A rime drake (shapeshifter) (D:14)
  5 smoke demons
  A hellion (Abyss:3)
  An unseen horror (D:12)
  4 nameless horrors
  24 yaktaurs
  An eye of devastation (Slime:2)
  3 human zombies
  4 rime drakes
  6 komodo dragons
  2 kobold demonologists (D:11)
  2 efreet
  A tengu conjurer (Depths:1)
  2 tormentors
  Maggie (D:6)
  Jeremiah (D:6)
  A troll (shapeshifter) (D:15)
  A polar bear (Lair:2)
  5 trolls
  9 tarantellas
  12 hornets
  5 tyrant leeches
  2 blink frogs (Lair:4)
  2 dream sheep (Lair:4)
  A glass eye (Slime:5)
  2 snapping turtles (Zot:5)
  14 culicivoras
  Prince Ribbit (D:5)
  15 jumping spiders
  31 slime creatures
  Sigmund (D:2)
  A shadow (D:12)
  An ettin skeleton (Vaults:5)
  An air elemental (WizLab)
  5 wyverns
  A naga simulacrum (Abyss:3)
  31 yaks
  6 water elementals
  A wraith (D:13)
  A basilisk (Lair:5)
  3 ynoxinuls
  Eustachio (D:4)
  2 fire elementals (Elf:1)
  A redback (shapeshifter) (Vaults:1)
  A golden eye (Slime:1)
  2 neqoxecs (Depths:4)
  3 wargs
  6 vampire mosquitoes
  25 redbacks
  Menkaure (D:5)
  16 swamp worms
  10 steam dragons (Lair:4)
  3 hell hounds
  6 water moccasins
  An acid dragon (D:11)
  4 swamp drakes
  22 orc warriors
  2 sky beasts
  A black bear (shapeshifter) (Elf:2)
  3 ice beasts (D:6)
  9 wolves
  10 centaurs
  2 black bears
  5 laughing skulls (Abyss:3)
  4 lemures (D:5)
  2 phantoms
  4 kobold brigands
  2 brain worms (Abyss:3)
  6 bullfrogs
  2 earth elementals
  A scorpion (D:4)
  7 wights
  6 killer bees (D:8)
  An oklob sapling (Swamp:3)
  7 howler monkeys
  2 electric eels (Lair:2)
  A human simulacrum (Vaults:3)
  3 lava snakes (Lair:5)
  13 orc priests
  Crazy Yiuf (D:5)
  4 hounds
  3 sleepcaps
  An iron imp (Abyss:3)
  8 starcursed masses (Abyss:3)
  3 iguanas
  Ijyb (D:3)
  16 orc wizards
  4 ogre zombies (D:12)
  12 adders
  A shadow imp (D:5)
  2 white imps
  An ufetubus (D:7)
  6 dart slugs
  39 orcs
  7 bats
  4 endoplasms
  6 giant cockroaches
  3 gnoll zombies (D:12)
  7 goblins
  13 hobgoblins
  3 quokkas
  7 ball pythons
  4 frilled lizards
  A gnoll skeleton (D:12)
  25 kobolds
  2 orc skeletons (D:12)
  8 orc zombies (D:12)
  3 rats (D:1)
  An aspiring flesh (Zot:5)
1328 creatures vanquished.

Vanquished Creatures (collateral kills)
  A dread lich (Zot:5)
  4 ancient liches
  Vv (Depths:3)
  3 Killer Klowns (Zot:5)
  A curse toe (Zot:5)
  2 caustic shrikes
  6 golden dragons
  A bone dragon (Depths:4)
  An electric golem (Zot:5)
  A Hell Sentinel (Depths:4)
  2 tentacled monstrosities
  A lich (WizLab)
  A deep elf blademaster (Elf:3)
  2 titans
  21 Orb Guardians
  A quicksilver dragon (Vaults:5)
  2 sphinxes
  10 acid blobs
  A deep elf master archer (Elf:3)
  An eldritch tentacle (Zot:5)
  5 tentacled starspawn
  2 thorn hunters (Swamp:3)
  A death cob (Zot:4)
  8 shadow dragons
  2 tengu reavers
  3 storm dragons
  7 rockslimes (Slime:5)
  3 draconian monks
  A fenstrider witch (Swamp:3)
  3 iron dragons (Depths:4)
  2 deep elf sorcerers
  A fire giant (Vaults:5)
  5 emperor scorpions (Spider:4)
  3 azure jellies
  6 vault wardens
  A draconian scorcher (Zot:5)
  A protean progenitor (Zot:5)
  2 draconian knights
  6 draconian shifters
  An angel (D:9)
  A reaper (Depths:4)
  4 ghost moths
  An orc warlord (Vaults:3)
  2 deep elf elementalists (Elf:3)
  4 ghouls
  2 spriggan defenders (Depths:3)
  3 draconian stormcallers
  7 very ugly things
  3 draconian annihilators
  2 quicksilver oozes
  An ironbound thunderhulk (Vaults:4)
  A formless jellyfish (Vaults:4)
  12 ironbound preservers
  4 stone giants
  3 green draconians
  A vampire knight (Depths:4)
  The ghost of AlterAsc the Metamorph, a journeyman FeSh of Dithmenos (Depths:1)
  A bunyip (Swamp:2)
  6 dire elephants
  4 black draconians
  2 lorocyprocas
  5 white draconians
  2 deep elf demonologists
  7 yellow draconians
  2 deep elf death magi (Elf:3)
  3 eleionomae
  4 purple draconians
  6 red draconians
  5 spark wasps
  3 war gargoyles
  A merfolk javelineer (Depths:1)
  A blizzard demon (WizLab)
  2 shambling mangroves (Swamp:3)
  3 ettins
  2 fire dragons
  A crystal guardian (Vaults:4)
  2 great orbs of eyes
  4 yaktaur captains
  A quicksilver ooze (shapeshifter) (Depths:4)
  3 entropy weavers
  10 vault guards
  4 rakshasas
  8 hydras
  2 radroaches (Spider:4)
  A jorogumo (Spider:1)
  2 spriggan air magi
  A ghost crab (Swamp:3)
  A peacekeeper (Vaults:4)
  5 ice dragons
  4 ironbound frosthearts
  An alligator (Swamp:4)
  5 boulder beetles
  5 centaur warriors
  2 two-headed ogres
  3 tengu warriors
  4 death yaks
  2 deep troll shamans
  9 dancing weapons
  6 demonic crawlers
  An orc high priest (Orc:2)
  A deep troll earth mage (Depths:3)
  2 sun demons (Depths:4)
  5 spriggan berserkers
  A hell knight (Vaults:5)
  A titan skeleton (Vaults:5)
  A soul eater (WizLab)
  A thrashing horror (Abyss:3)
  9 deep elf knights
  A wretched star (Abyss:3)
  7 spriggans
  2 sixfirhies
  A skyshark (Lair:5)
  A shadow wraith (Vaults:5)
  An iron troll (Depths:4)
  A skeletal warrior (D:14)
  34 deep trolls
  A glowing orange brain (shapeshifter) (Vaults:5)
  A pharaoh ant (Spider:3)
  A death drake (Depths:3)
  A spriggan druid (Swamp:4)
  4 swamp dragons (Swamp:4)
  40 slime creatures
  A deep troll (shapeshifter) (Elf:3)
  An orb spider (shapeshifter) (Depths:2)
  5 orb spiders
  A large abomination (WizLab)
  A mana viper (Abyss:3)
  3 ironbound convokers
  2 flayed ghosts
  2 arcanists (Vaults:4)
  6 deep elf archers
  2 obsidian statues (WizLab)
  11 bog bodies
  7 orc knights
  2 steelbarb worms
  10 deep elf zephyrmancers
  6 lindwurms
  A phantasmal warrior (Vaults:5)
  10 deep elf pyromancers
  A harpy (shapeshifter) (Elf:2)
  4 necromancers
  A harpy (Vaults:1)
  8 wolf spiders
  2 oklob plants
  An orc sorcerer (Orc:2)
  2 manticores (D:15)
  4 shining eyes
  4 cyclopes
  18 ugly things
  2 will-o-the-wisps (Swamp:2)
  10 moths of wrath
  3 nameless horrors
  6 vault sentinels
  A worldbinder (WizLab)
  5 black mambas
  6 elephants
  A smoke demon (Depths:4)
  2 eyes of devastation (Slime:5)
  A gargoyle (D:14)
  A molten gargoyle (Lair:5)
  8 cane toads
  2 hellions
  A kobold demonologist (D:12)
  2 orange demons (Zot:5)
  3 komodo dragons (Lair:5)
  A torpor snail (Lair:5)
  12 yaktaurs
  2 rime drakes
  An efreet (Zot:3)
  A freezing wraith (Vaults:5)
  An unseen horror (shapeshifter) (D:14)
  2 tengu conjurers
  An ancient zyme (Abyss:3)
  An anaconda simulacrum (Abyss:3)
  A troll (D:13)
  A bloated husk (Swamp:2)
  A red devil (Zot:2)
  A merfolk (shapeshifter) (Depths:2)
  4 starcursed masses (Abyss:3)
  7 tyrant leeches
  A raiju (shapeshifter) (D:14)
  17 tarantellas
  A raiju (Abyss:3)
  8 hornets
  A snapping turtle (shapeshifter) (Depths:2)
  A snapping turtle (Zot:5)
  6 dream sheep (Lair:4)
  2 glass eyes
  3 blink frogs
  10 jumping spiders
  2 ynoxinuls (Abyss:3)
  2 wyverns
  5 culicivoras
  5 water elementals
  12 yaks
  2 basilisks (Lair:5)
  6 golden eyes
  A neqoxec (D:3)
  A redback (shapeshifter) (Vaults:5)
  A fire elemental (Elf:2)
  A warg (Orc:2)
  15 redbacks
  5 steam dragons
  A vampire mosquito (Swamp:1)
  Grum (D:11)
  3 chaos spawn
  12 swamp worms
  3 water moccasins
  A hell hound (Lair:5)
  A swamp worm (shapeshifter) (Vaults:5)
  A black bear (Lair:1)
  15 orc warriors
  7 swamp drakes
  An ogre (Vaults:5)
  2 boggarts (WizLab)
  5 centaurs
  11 wolves
  A phantom (D:12)
  3 kobold brigands
  2 weeping skulls (Abyss:3)
  5 bullfrogs
  A necrophage (Swamp:1)
  A gnoll sergeant (D:13)
  2 wights (D:10)
  A human simulacrum (Vaults:3)
  2 electric eels
  2 howler monkeys
  2 lava snakes (Lair:5)
  10 orc priests
  An iron imp (Abyss:3)
  8 orc wizards
  2 ogre zombies (D:12)
  3 gnolls (D:13)
  A white imp (Abyss:3)
  An ufetubus (D:7)
  30 orcs
  A gnoll zombie (D:12)
  8 kobolds
  An orc skeleton (D:12)
  3 orc zombies (D:12)
  3 butterflies (Lair:3)
914 creatures vanquished.

Vanquished Creatures (others)
  A dread lich (Vaults:5)
  3 eldritch tentacles
  2 fire giants
  A draconian scorcher (Zot:1)
  A spriggan air mage (Swamp:4)
  2 deep elf knights
  An elf skeleton (Vaults:5)
  2 bloated husks (Swamp:2)
  A vampire mosquito (Swamp:1)
  A hell hound (Lair:5)
  92 battlemagi
  An ancestor (D:7)
  23 foxfires
  16 snaplasher vines
  8 starspawn tentacles
155 creatures vanquished.

Grand Total: 2397 creatures vanquished

Notes
Turn   | Place    | Note
-------+----------+-------------------------------------------
     0 | D:1      | iamserjio the Deep Elf Gladiator began the quest for the
                  | Orb.
     0 | D:1      | Reached XP level 1. HP: 12/12 MP: 3/3
   117 | D:1      | Reached XP level 2. HP: 17/17 MP: 4/4
   209 | D:1      | Got the Codex of Interference
   217 | D:1      | Reached skill level 4 in Dodging
   491 | D:1      | Reached XP level 3. HP: 21/21 MP: 5/5
   914 | D:2      | Found Seruzxuc's Antique Armour Boutique.
   972 | D:2      | Reached XP level 4. HP: 26/26 MP: 6/6
  1053 | D:2      | Noticed Sigmund
  1056 | D:2      | Killed Sigmund
  1057 | D:2      | Reached skill level 5 in Dodging
  1057 | D:2      | Reached XP level 5. HP: 31/32 MP: 7/7
  1461 | D:3      | Found a shadowy altar of Dithmenos.
  1489 | D:3      | Found Geehun's Weapon Shop.
  1782 | D:3      | Noticed Ijyb
  1785 | D:3      | Killed Ijyb
  1786 | D:3      | Reached XP level 6. HP: 36/36 MP: 8/8
  2006 | D:3      | Found an opulent altar of Gozag.
  2007 | D:3      | Found an opulent altar of Gozag.
  2007 | D:3      | Found an opulent altar of Gozag.
  2017 | D:3      | Found an opulent altar of Gozag.
  2489 | D:4      | Noticed Eustachio
  2497 | D:4      | Killed Eustachio
  2498 | D:4      | Reached skill level 5 in Long Blades
  2498 | D:4      | Reached skill level 1 in Evocations
  2924 | D:5      | Entered Level 5 of the Dungeon
  2932 | D:5      | Reached XP level 7. HP: 40/41 MP: 7/9
  2979 | D:5      | Identified the ring of Qoch {rPois Str+4}
  3056 | D:5      | Found an ornate altar of the Wu Jian Council.
  3115 | D:5      | Found a sparkling altar of Nemelex Xobeh.
  3170 | D:5      | Noticed Pikel
  3226 | D:5      | Paralysed by Pikel for 5 turns
  3508 | D:5      | Noticed Menkaure
  3520 | D:5      | Noticed Prince Ribbit
  3605 | D:5      | Killed Menkaure
  3606 | D:5      | Reached skill level 6 in Dodging
  3637 | D:5      | Killed Prince Ribbit
  3638 | D:5      | Reached XP level 8. HP: 47/48 MP: 10/10
  3778 | D:5      | Found a runed translucent door.
  3779 | D:5      | Noticed Crazy Yiuf
  3812 | D:5      | Gained mutation: You have supernaturally acute eyesight.
                  | (SInv) [potion of mutation]
  3812 | D:5      | Gained mutation: You have sharp fingernails. [potion of
                  | mutation]
  3812 | D:5      | Gained mutation: You are partially covered in iridescent
                  | scales. (AC +2) [potion of mutation]
  3821 | D:5      | Paralysed by Pikel for 3 turns
  3838 | D:5      | Killed Pikel
  4121 | D:5      | Killed Crazy Yiuf
  4122 | D:5      | Reached skill level 7 in Dodging
  4305 | D:6      | Found a staircase to the Ecumenical Temple.
  4348 | Temple   | Entered the Ecumenical Temple
  4401 | Temple   | Became a worshipper of Hepliaklqana the Forgotten
  4509 | D:6      | Identified the amulet "Xadghar" {Acrobat rN+ Str+6 Dex-3}
  4643 | D:6      | Noticed Jeremiah
  4786 | D:6      | Noticed Maggie
  4819 | D:6      | Killed Maggie
  4820 | D:6      | Reached XP level 9. HP: 29/53 MP: 6/11
  4970 | D:6      | Reached skill level 5 in Fighting
  5132 | D:6      | Reached * piety under Hepliaklqana
  5309 | D:7      | Reached skill level 8 in Dodging
  5320 | D:7      | Found a glowing silver altar of Zin.
  6399 | D:8      | Reached skill level 9 in Dodging
  6561 | D:8      | Reached ** piety under Hepliaklqana
  6562 | D:8      | Remembered your ancestor Citlalmina as a battlemage
  6583 | D:8      | Found Bimemm's Jewellery Shoppe.
  6594 | D:8      | Bought a ring of magical power for 320 gold pieces
  6654 | D:8      | Reached XP level 10. HP: 54/54 MP: 12/12
  6848 | D:8      | Noticed a two-headed ogre
  6853 | D:8      | Killed a two-headed ogre
  7115 | D:9      | You fall into a shaft and drop 2 floors!
  7228 | D:11     | Identified the +10 hand axe "Ahupset" {protect, ^Drain
                  | Str+7 Stlth+}
  7440 | D:10     | Entered Level 10 of the Dungeon
  7549 | D:10     | Noticed a death yak
  7614 | D:10     | Reached skill level 10 in Long Blades
  7624 | D:10     | Reached skill level 1 in Shields
  7769 | D:10     | Identified the +1 chain mail "Kauhezob" {rN+ Int+2}
  8044 | D:9      | Noticed Harold
  8054 | D:9      | Killed Harold
  8055 | D:9      | Reached skill level 10 in Dodging
  8106 | D:9      | Reached *** piety under Hepliaklqana
  8115 | D:9      | Found Eqaubauz's General Store.
  8124 | D:9      | Bought a potion of curing for 45 gold pieces
  8124 | D:9      | Bought a scroll of teleportation for 45 gold pieces
  8274 | D:9      | Reached XP level 11. HP: 59/59 MP: 13/13
  8663 | D:10     | Found an iron altar of Okawaru.
  8663 | D:10     | Found a stormy altar of Qazlal.
  8807 | D:10     | Noticed a death yak
  8823 | D:10     | Killed a death yak
  8878 | D:10     | Noticed a death yak
  8880 | D:10     | Found a staircase to the Lair.
  8892 | D:10     | Noticed a death yak
  8892 | D:10     | Noticed a death yak
  8904 | D:10     | Killed a death yak
  8905 | D:10     | Reached skill level 1 in Invocations
  8913 | D:10     | Killed a death yak
  8915 | D:10     | Killed a death yak
  8917 | D:10     | Killed a death yak
  9216 | D:10     | Noticed a sea snake
  9378 | D:11     | Noticed Grum
  9414 | D:11     | Killed Grum
  9668 | D:11     | Reached skill level 11 in Dodging
  9818 | D:11     | Noticed a sixfirhy
  9820 | D:11     | Reached skill level 5 in Invocations
  9876 | D:11     | Reached **** piety under Hepliaklqana
 10125 | D:12     | Found a staircase to the Orcish Mines.
 10244 | D:12     | Noticed a boulder beetle
 10248 | D:12     | Reached XP level 12. HP: 65/65 MP: 17/17
 10258 | D:12     | Killed a boulder beetle
 11224 | D:13     | Noticed a centaur warrior
 11232 | D:13     | Killed a centaur warrior
 11320 | D:13     | Identified the +1 quarterstaff of the Furious {pain, Int+5}
 11339 | D:13     | Identified the +1 leather armour of a ziggurat {rPois}
 11540 | D:13     | Noticed a centaur warrior
 11550 | D:13     | Killed a centaur warrior
 11864 | D:13     | Noticed a two-headed ogre
 11872 | D:13     | Killed a two-headed ogre
 11873 | D:13     | Reached skill level 12 in Dodging
 11900 | D:13     | a black bear changed into an entropy weaver
 11900 | D:13     | Noticed an entropy weaver (shapeshifter)
 11912 | D:13     | Killed an entropy weaver
 12000 | D:13     | Found a portal to a secret trove of treasure.
 12199 | Lair:1   | Entered Level 1 of the Lair of Beasts
 12383 | D:2      | Bought a heavily runed leather armour for 147 gold pieces
 12383 | D:2      | Identified the +3 leather armour of Wochir {Dex+3} (You
                  | bought it in a shop on level 2 of the Dungeon)
 12393 | D:2      | Learned a level 3 spell: Ozocubu's Armour
 12397 | D:2      | Learned a level 3 spell: Passwall
 12599 | Lair:1   | Reached skill level 1 in Spellcasting
 12604 | Lair:1   | Reached skill level 1 in Ice Magic
 12666 | Lair:1   | Noticed Urug
 12675 | Lair:1   | Killed Urug
 13494 | Lair:2   | Reached ***** piety under Hepliaklqana
 13752 | Lair:2   | Reached skill level 5 in Spellcasting
 13752 | Lair:2   | Reached XP level 13. HP: 63/72 MP: 22/22
 14126 | Lair:2   | Found a staircase to the Swamp.
 14437 | Lair:3   | Found a hole to the Spider Nest.
 14524 | Lair:3   | Reached skill level 5 in Ice Magic
 15124 | Lair:3   | Identified the +9 mace "Jirrecen" {protect, ^Contam rElec
                  | rN++ rCorr}
 15282 | Lair:3   | Identified the +0 scale mail of Slovenliness {rElec Will++
                  | rCorr Int-4}
 15452 | Lair:4   | Reached skill level 13 in Dodging
 15673 | Lair:4   | Found a viscous altar of Jiyva.
 15673 | Lair:4   | Found a staircase to the Slime Pits.
 15903 | Lair:4   | Noticed a fire dragon
 15931 | Lair:4   | Killed a fire dragon
 16385 | Lair:4   | Reached skill level 14 in Dodging
 16527 | Lair:4   | Reached skill level 10 in Fighting
 16955 | Lair:5   | Entered Level 5 of the Lair of Beasts
 16963 | Lair:5   | Reached XP level 14. HP: 79/79 MP: 25/25
 17939 | Lair:5   | Reached skill level 15 in Dodging
 18041 | Lair:5   | Found a large runed translucent door.
 18042 | Lair:5   | Found a large runed translucent door.
 18094 | Lair:5   | Identified the blade talisman "Yraqummou" {rElec Will- MP+9
                  | Str+3}
 19262 | Lair:4   | Found a viscous altar of Jiyva.
 19263 | Lair:4   | Found a staircase to the Slime Pits.
 20034 | Lair:4   | Found a viscous altar of Jiyva.
 20034 | Lair:4   | Found a staircase to the Slime Pits.
 20978 | Lair:4   | Found a staircase to the Slime Pits.
 20978 | Lair:4   | Found a viscous altar of Jiyva.
 21580 | D:6      | Killed Jeremiah
 21820 | D:13     | Learned a level 5 spell: Summon Mana Viper
 22066 | D:14     | Found a gate to the Vaults.
 22318 | D:14     | Found an ancient bone altar of Kikubaaqudgha.
 22606 | D:15     | Entered Level 15 of the Dungeon
 23023 | D:14     | Reached skill level 16 in Dodging
 23140 | D:14     | Reached XP level 15. HP: 64/86 MP: 16/26
 23540 | D:14     | Learned a level 4 spell: Passage of Golubria
 23962 | D:15     | Found a staircase to the Depths.
 24328 | Orc:1    | Entered Level 1 of the Orcish Mines
 24669 | Orc:2    | Entered Level 2 of the Orcish Mines
 24752 | Orc:2    | Found a staircase to the Elven Halls.
 25822 | Orc:2    | Reached skill level 17 in Dodging
 25907 | Orc:2    | Found Qoonn's Book Shoppe.
 25978 | Orc:2    | Found Erocs's General Store.
 25979 | Orc:2    | Found Zotwix's Book Shop.
 25981 | Orc:2    | Found Enavej's Antique Armour Boutique.
 25981 | Orc:2    | Found Xounoi's Antique Weapon Boutique.
 25986 | Orc:2    | Bought a potion of heal wounds for 70 gold pieces
 25986 | Orc:2    | Bought 2 potions of might for 112 gold pieces
 25988 | Orc:2    | Bought a book of Spatial Translocations for 270 gold pieces
 25991 | Orc:2    | Learned a level 2 spell: Blink
 26010 | Orc:2    | Bought a spiked ring mail for 279 gold pieces
 26010 | Orc:2    | Identified the +1 ring mail of Qucsatyu {rC+} (You bought
                  | it in a shop on level 2 of the Orcish Mines)
 26242 | Orc:1    | Reached skill level 1 in Translocations
 26366 | Elf:1    | Entered Level 1 of the Elven Halls
 26368 | Elf:1    | Noticed Donald
 26467 | Orc:2    | Bought the +0 ring mail "Repit" {rPois Regen+} for 212 gold
                  | pieces
 26690 | Swamp:1  | Entered Level 1 of the Swamp
 26921 | Swamp:1  | Reached skill level 1 in Armour
 27775 | Swamp:2  | Noticed a thorn hunter
 27834 | Swamp:2  | Killed a thorn hunter
 28320 | Swamp:2  | Reached XP level 16. HP: 63/95 MP: 20/27
 28388 | Swamp:2  | Reached skill level 5 in Translocations
 29102 | Swamp:2  | Noticed Mlioglotl
 30102 | Swamp:2  | Reached skill level 5 in Armour
 30210 | Swamp:4  | Entered Level 4 of the Swamp
 30658 | Swamp:3  | Noticed a thorn hunter
 30675 | Swamp:3  | Killed a thorn hunter
 30676 | Swamp:3  | Reached skill level 15 in Fighting
 30780 | Swamp:3  | Noticed a thorn hunter
 30787 | Swamp:3  | Noticed a thorn hunter
 30793 | Swamp:3  | Killed a thorn hunter
 30794 | Swamp:3  | Killed a thorn hunter
 31989 | Swamp:4  | Found a large runed translucent door.
 31989 | Swamp:4  | Found a large runed translucent door.
 31989 | Swamp:4  | Noticed martbhell's ghost (adept MiBe)
 32283 | Swamp:4  | Learned a level 5 spell: Summon Forest
 32288 | Swamp:4  | Learned a level 4 spell: Summon Lightning Spire
 32349 | Swamp:4  | Reached skill level 1 in Hexes
 32349 | Swamp:4  | Reached skill level 1 in Summonings
 32622 | Swamp:4  | Reached XP level 17. HP: 77/103 MP: 22/28
 32784 | Swamp:4  | Reached skill level 5 in Hexes
 32884 | Swamp:4  | Got a decaying rune of Zot
 33245 | Swamp:4  | Killed martbhell's ghost
 33246 | Swamp:4  | Reached skill level 5 in Summonings
 33398 | Swamp:4  | Identified the +8 chain mail of Sunlight {Harm rPois Str-5}
 33663 | Spider:1 | Entered Level 1 of the Spider Nest
 37158 | Spider:3 | Found a runed translucent door.
 37158 | Spider:3 | Noticed Quickbrownfox's ghost (journeyman DsCj)
 37159 | Spider:3 | Identified a scroll of acquirement
 37494 | Spider:3 | Killed Quickbrownfox's ghost
 37505 | Spider:3 | Acquired the +3 pair of mountain boots {steadfast, rC+}
 37505 | Spider:3 | Found the +3 pair of mountain boots {steadfast, rC+}
 37589 | Spider:4 | Entered Level 4 of the Spider Nest
 37644 | Spider:4 | Reached skill level 10 in Summonings
 37775 | Spider:4 | Noticed Mara
 37783 | Spider:4 | Noticed iamserjio's illusion
 37784 | Spider:4 | Killed Mara
 37866 | Spider:4 | Reached XP level 18. HP: 98/108 MP: 0/33
 38032 | Spider:4 | Reached skill level 10 in Spellcasting
 38320 | Spider:4 | Reached skill level 1 in Air Magic
 39144 | Spider:4 | Identified the orb of Spaghetti {light, rN+ Necro}
 39576 | Spider:4 | Got a gossamer rune of Zot
 39653 | Spider:4 | Learned a level 4 spell: Vhi's Electric Charge
 39877 | D:8      | Bought a ring of see invisible for 240 gold pieces
 40133 | Orc:2    | Killed Donald
 40412 | Elf:1    | Found Yxkowny's Book Shoppe.
 40414 | Elf:1    | Found Faonitso's Jewellery Shop.
 40415 | Elf:1    | Found Inis's Book Shoppe.
 41461 | Elf:1    | Noticed Jorgrun
 41474 | Elf:1    | Killed Jorgrun
 41475 | Elf:1    | Reached skill level 5 in Shields
 42675 | Elf:2    | Found a runed translucent gate.
 42676 | Elf:2    | Found a runed translucent gate.
 42676 | Elf:2    | Found a runed translucent gate.
 42742 | Elf:2    | Reached skill level 5 in Air Magic
 42931 | Elf:2    | Reached XP level 19. HP: 110/112 MP: 37/37
 43396 | Elf:3    | Entered Level 3 of the Elven Halls
 45141 | Elf:3    | Identified the +7 trident "Ymuywol" {venom, Dex+4}
 45141 | Elf:3    | Identified the +1 robe of Leapfrog {rElec}
 45320 | Elf:3    | Identified the amulet of Kecajoes {Spirit -Tele rPois
                  | Int+3}
 46341 | Elf:3    | Found the +9 staff of Olgreb {rPois∞}
 46815 | Elf:3    | Identified the +5 shortbow of Distant Shores {elec, Int+4}
 46820 | Elf:3    | Identified the staff "Ypnanynynn" {rElec rPois Str-5 Conj
                  | Earth}
 46824 | Elf:3    | Identified the staff "Kilighum" {rF+ Dex+3 Summ Fire Ice}
 47770 | D:2      | Bought a glowing scale mail for 147 gold pieces
 48070 | Vaults:1 | Entered Level 1 of the Vaults
 48358 | Vaults:1 | Reached skill level 15 in Summonings
 49018 | Vaults:1 | Found a runed translucent door.
 49117 | Vaults:1 | Identified the +1 robe "Xeori" {rF- Dex+6}
 49437 | Vaults:1 | Reached skill level 10 in Shields
 49569 | Vaults:1 | Found Pezeil's Assorted Antiques.
 49578 | Vaults:1 | Bought a potion of curing for 117 gold pieces
 49578 | Vaults:1 | Bought a potion of heal wounds for 195 gold pieces
 49813 | Vaults:2 | Reached XP level 20. HP: 57/118 MP: 20/40
 50406 | Vaults:2 | Found a staircase to the Crypt.
 50628 | Vaults:2 | Identified the +4 battleaxe "Dragon's Tongue" {drain, rN+}
 50838 | Vaults:2 | Found Ogaeruim's Jewellery Shoppe.
 51186 | Vaults:2 | Reached skill level 1 in Shapeshifting
 51255 | Vaults:2 | Identified the +1 arbalest "Zeim Qill" {penet, rPois Int-5
                  | Dex+7 Stlth+}
 51346 | Crypt:1  | Entered Level 1 of the Crypt
 51880 | Vaults:3 | Noticed Bai Suzhen
 51943 | Vaults:3 | Reached skill level 5 in Shapeshifting
 52496 | Vaults:3 | Identified the +0 pair of boots of Diph {rPois rF+ rN+
                  | Int-2}
 52503 | Vaults:3 | Got the Catalogue of Elliptic Contamination
 53208 | Vaults:3 | Found Qatrawo's Weapon Emporium.
 53230 | Vaults:3 | Reached skill level 10 in Shapeshifting
 53841 | Vaults:4 | Reached XP level 21. HP: 107/123 MP: 35/41
 55501 | Vaults:2 | Bought a granite talisman for 840 gold pieces
 55526 | Vaults:2 | Learned a level 2 spell: Lesser Beckoning
 55533 | Vaults:2 | Learned a level 6 spell: Summon Cactus Giant
 55538 | Vaults:2 | Learned a level 4 spell: Manifold Assault
 55538 | Vaults:2 | Bought the ring "Gariod" {rPois rF+ Str+6 Dex+3} for 847
                  | gold pieces
 55705 | Depths:1 | Entered Level 1 of the Depths
 56059 | Depths:1 | Found a runed translucent gate.
 56059 | Depths:1 | Found a runed translucent gate.
 56059 | Depths:1 | Found a runed translucent gate.
 56060 | Depths:1 | Noticed a dread lich
 56060 | Depths:1 | Noticed an ancient lich
 56675 | Depths:1 | Noticed AlterAsc's ghost (journeyman FeSh)
 56677 | Depths:1 | Noticed an ancient lich
 56677 | Depths:1 | Noticed Amikeex's ghost (adept TrMo)
 56797 | Depths:1 | Found a gateway to Hell.
 56800 | Depths:1 | Reached skill level 15 in Shapeshifting
 57018 | Depths:1 | Found Vuloinin's Assorted Antiques.
 57032 | Depths:1 | Bought a scroll of fear for 100 gold pieces
 57032 | Depths:1 | Bought 2 potions of heal wounds for 250 gold pieces
 57101 | Depths:1 | Found a one-way gate to the infinite horrors of the Abyss.
 57192 | Depths:1 | Found an ancient bone altar of Kikubaaqudgha.
 57192 | Depths:1 | Found the +18 shield of the Gong {Loud rN+ Will+ rCorr
                  | EV-5}
 57373 | Depths:1 | Found a one-way gate leading to the halls of Pandemonium.
 57544 | Depths:2 | Noticed a golden dragon
 57562 | Depths:2 | Found Bidabifa's Armour Boutique.
 57810 | Depths:2 | Found an iron altar of Okawaru.
 57836 | Depths:2 | Noticed a golden dragon
 57845 | Depths:2 | Killed a golden dragon
 57892 | Depths:2 | Noticed a juggernaut
 57901 | Depths:2 | Killed a juggernaut
 58006 | Depths:2 | Noticed a caustic shrike
 58014 | Depths:2 | Killed a caustic shrike
 58262 | Depths:2 | You fall into a shaft and drop 1 floor!
 58324 | Depths:3 | Noticed a golden dragon
 58335 | Depths:3 | Killed a golden dragon
 58342 | Depths:3 | Reached XP level 22. HP: 130/130 MP: 39/42
 58423 | Depths:3 | Noticed Vv
 58432 | Depths:3 | Killed Vv
 58589 | Depths:3 | Found Ujet's Distillery.
 58649 | Depths:3 | Found a magical portal.
 58654 | WizLab   | Entered The Roulette of Golubria
 58654 | WizLab   | Found a transporter.
 58657 | WizLab   | Found a corrupted altar of Lugonu.
 58718 | WizLab   | Found a transporter.
 58757 | WizLab   | Found a transporter.
 58780 | WizLab   | Found a corrupted altar of Lugonu.
 58846 | WizLab   | Found a transporter.
 58846 | WizLab   | Found a transporter.
 59134 | WizLab   | Found a transporter.
 59134 | WizLab   | Found a transporter.
 59155 | WizLab   | Found a transporter.
 59155 | WizLab   | Found a transporter.
 59173 | WizLab   | Found a transporter.
 59173 | WizLab   | Found a transporter.
 59182 | WizLab   | Reached skill level 18 in Dodging
 59182 | WizLab   | Found a corrupted altar of Lugonu.
 59202 | WizLab   | Found a transporter.
 59202 | WizLab   | Found a transporter.
 59374 | WizLab   | Identified the +4 cloak of Lugonu, Enfolding {rPois rN+
                  | rCorr}
 59380 | WizLab   | Identified the +1 cloak "Lianoahito" {rC- rN++}
 59473 | WizLab   | Found a transporter.
 59473 | WizLab   | Found a transporter.
 59482 | WizLab   | Found a transporter.
 59482 | WizLab   | Found a transporter.
 59860 | Depths:3 | Bought a potion of magic for 192 gold pieces
 59860 | Depths:3 | Bought a potion of haste for 240 gold pieces
 59860 | Depths:3 | Bought a potion of resistance for 240 gold pieces
 59860 | Depths:3 | Bought a potion of resistance for 240 gold pieces
 59860 | Depths:3 | Bought a potion of curing for 72 gold pieces
 59978 | Depths:3 | Found a glowing golden altar of the Shining One.
 60351 | Depths:3 | Noticed a golden dragon
 60360 | Depths:3 | Killed a golden dragon
 60369 | Depths:3 | Identified the staff of Action {+Blink rPois rF+ Dex-2
                  | Alchemy}
 60404 | Depths:3 | Identified the amulet "Noempoh" {Reflect -Tele rElec rPois
                  | Str-2 SH+5}
 60612 | Depths:2 | Found a one-way gateway to a ziggurat.
 60918 | Depths:4 | Entered Level 4 of the Depths
 60921 | Depths:4 | Gained mutation: You expend magic power (3 MP) to
                  | strengthen your wands. [a shining eye]
 61082 | Depths:4 | Noticed a caustic shrike
 61083 | Depths:4 | Noticed a caustic shrike
 61280 | Depths:4 | Gained mutation: You occasionally shout uncontrollably at
                  | your foes. [a cacodemon]
 61320 | Depths:4 | Noticed a golden dragon
 61446 | Depths:4 | Noticed a caustic shrike
 61454 | Depths:3 | Killed a caustic shrike
 61455 | Depths:3 | Killed a golden dragon
 61833 | Depths:4 | Reached skill level 19 in Dodging
 61887 | Depths:4 | Killed a caustic shrike
 61891 | Depths:4 | Killed a caustic shrike
 61999 | Depths:4 | Identified the +2 leather armour "Tuunulit" {rF+ Int+3
                  | Dex+3}
 62235 | Depths:4 | Reached XP level 23. HP: 139/139 MP: 41/43
 62262 | Depths:4 | Found a gate to the Realm of Zot.
 62754 | Depths:2 | Identified the +0 buckler of the Equinox {rN+}
 62863 | Depths:1 | Killed an ancient lich
 62877 | Depths:1 | Killed Amikeex's ghost
 62883 | Depths:1 | Killed an ancient lich
 62888 | Depths:1 | Killed a dread lich
 62972 | Depths:1 | Identified the ring "Nawanoje" {Str+6 Int+3}
 62976 | Depths:1 | Identified the +0 pair of gloves "Coovox" {Dex+3}
 63034 | Depths:1 | Found an ancient bone altar of Kikubaaqudgha.
 63200 | Depths:1 | Found Vuloinin's Assorted Antiques.
 63206 | Depths:1 | Killed AlterAsc's ghost
 63870 | Vaults:5 | Entered Level 5 of the Vaults
 63894 | Vaults:4 | Reached skill level 1 in Necromancy
 63966 | Vaults:5 | Noticed an ancient lich
 64030 | Vaults:5 | Noticed an ancient lich
 64034 | Vaults:5 | Reached skill level 1 in Earth Magic
 64035 | Vaults:5 | Killed an ancient lich
 64118 | Vaults:5 | Noticed a dread lich
 64123 | Vaults:5 | Killed a dread lich
 64135 | Vaults:5 | Reached skill level 5 in Evocations
 64201 | Vaults:5 | Killed an ancient lich
 64252 | Vaults:5 | Identified the +7 shortbow of the Feeding Pariah {speed,
                  | ^Drain Int+6 SInv}
 64297 | Vaults:5 | Identified the ring "Ixzusm" {rPois rF+ Stlth+}
 64357 | Vaults:5 | Reached skill level 5 in Necromancy
 64545 | Vaults:5 | Identified the staff "Sarcophage" {Conj Tloc}
 64579 | Abyss:3  | Cast into level 3 of the Abyss (vault guard)
 64580 | Abyss:3  | Found a corrupted altar of Lugonu.
 64644 | Abyss:3  | Reached skill level 15 in Long Blades
 64654 | Abyss:3  | Reached skill level 20 in Dodging
 64805 | Abyss:3  | Paralysed by accursed screaming for 2 turns
 64810 | Abyss:3  | Paralysed by accursed screaming for 1 turns
 64836 | Abyss:3  | Got an abyssal rune of Zot
 64856 | Abyss:3  | Found a corrupted altar of Lugonu.
 64862 | Vaults:5 | Escaped the Abyss
 64927 | Vaults:5 | Reached XP level 24. HP: 147/147 MP: 43/43
 65022 | Vaults:5 | Identified the ring "Pekoiz" {Str+2 Int+6 Dex+2}
 65025 | Vaults:5 | Got a silver rune of Zot
 65122 | Vaults:5 | Reached skill level 5 in Earth Magic
 65190 | Vaults:5 | Identified the ring "Pekkicecs" {rC+ rN+ EV+5 Int-3 Slay+3}
 65223 | Vaults:5 | Noticed a dread lich
 65224 | Vaults:5 | Identified the +2 scale mail "Syilayr" {Str+3}
 65232 | Vaults:5 | Killed a dread lich
 65241 | Vaults:5 | Identified the +4 war axe "Newtslayer" {venom, rElec rN+
                  | Str+2}
 66479 | Slime:1  | Entered Level 1 of the Pits of Slime
 66480 | Slime:1  | Gained mutation: You occasionally lose the ability to read
                  | scrolls when taking damage. [a shining eye]
 66481 | Slime:1  | Gained mutation: You are frail. (-10% HP) [a shining eye]
 66706 | Slime:4  | Gained mutation: You do not regenerate when monsters are
                  | visible. [a shining eye]
 66736 | Slime:4  | Lost mutation: You are partially covered in iridescent
                  | scales. (AC +2) [potion of mutation]
 66736 | Slime:4  | Lost mutation: You expend magic power (3 MP) to strengthen
                  | your wands. [potion of mutation]
 66736 | Slime:4  | Lost mutation: You do not regenerate when monsters are
                  | visible. [potion of mutation]
 66736 | Slime:4  | Gained mutation: You sometimes lose your temper in combat.
                  | [potion of mutation]
 66736 | Slime:4  | Gained mutation: Your muscles are strong. (Str +4, Int/Dex
                  | -1) [potion of mutation]
 66736 | Slime:4  | Lost mutation: You sometimes lose your temper in combat.
                  | [potion of mutation]
 66737 | Slime:4  | Lost mutation: You have supernaturally acute eyesight.
                  | (SInv) [potion of mutation]
 66737 | Slime:4  | Lost mutation: You occasionally shout uncontrollably at
                  | your foes. [potion of mutation]
 66737 | Slime:4  | Lost mutation: You have sharp fingernails. [potion of
                  | mutation]
 66737 | Slime:4  | Gained mutation: Your body sometimes deteriorates upon
                  | taking damage. [potion of mutation]
 66738 | Slime:4  | Lost mutation: You occasionally lose the ability to read
                  | scrolls when taking damage. [potion of mutation]
 66738 | Slime:4  | Lost mutation: Your body sometimes deteriorates upon taking
                  | damage. [potion of mutation]
 66738 | Slime:4  | Lost mutation: You are frail. (-10% HP) [potion of
                  | mutation]
 66738 | Slime:4  | Gained mutation: Your body sometimes deteriorates upon
                  | taking damage. [potion of mutation]
 66738 | Slime:4  | Gained mutation: Your magical capacity is low. (-10% MP)
                  | [potion of mutation]
 66738 | Slime:4  | Gained mutation: Your spells are a little harder to cast,
                  | but a little more powerful. [potion of mutation]
 66762 | Slime:5  | Entered Level 5 of the Pits of Slime
 66772 | Slime:5  | Gained mutation: Your health recovers twice as slowly from
                  | being drained. [a shining eye]
 66806 | Slime:5  | Reached skill level 21 in Dodging
 66816 | Slime:5  | Found a viscous altar of Jiyva.
 66824 | Slime:5  | Found the +8 whip "Snakebite" {venom, curare, rPois}
 66838 | Slime:5  | Noticed the Royal Jelly
 66853 | Slime:5  | Killed the Royal Jelly
 66990 | Slime:4  | Reached skill level 10 in Invocations
 67134 | Slime:5  | Found the +3 warlock's mirror {omnireflect}
 67137 | Slime:5  | Got a slimy rune of Zot
 67237 | Slime:5  | Got Sif Muna's Teachings on the Allied Volley
 67266 | Slime:5  | Identified the +1 chain mail of the Eleven Hells {rPois
                  | Str+2}
 67325 | Slime:1  | Learned a level 7 spell: Malign Gateway
 67578 | Zot:1    | Entered Level 1 of the Realm of Zot
 68071 | Zot:3    | Reached XP level 25. HP: 153/153 MP: 38/38
 68200 | Zot:3    | Reached skill level 10 in Translocations
 68797 | Zot:4    | Identified the +1 robe of Ysauw {rElec rCorr MP-9 Dex+4}
 69086 | Zot:5    | Entered Level 5 of the Realm of Zot
 70133 | Zot:5    | Noticed an ancient lich
 70181 | Zot:5    | Killed an ancient lich
 70340 | Zot:5    | Noticed a dread lich
 70340 | Zot:5    | Noticed a Killer Klown
 70356 | Zot:5    | Killed a dread lich
 70379 | Zot:5    | Killed a Killer Klown
 70391 | Zot:5    | Noticed an orb of fire
 70398 | Zot:5    | Killed an orb of fire
 70453 | Zot:5    | Noticed a Killer Klown
 70457 | Zot:5    | Killed a Killer Klown
 70591 | Zot:5    | Noticed an orb of fire
 70611 | Zot:5    | Killed an orb of fire
 70646 | Zot:5    | Noticed a dread lich
 70655 | Zot:5    | Killed a dread lich
 70794 | Zot:5    | Noticed a dread lich
 70807 | Zot:5    | Killed a dread lich
 70808 | Zot:5    | Reached XP level 26. HP: 159/159 MP: 22/38
 70817 | Zot:5    | Noticed an ancient lich
 70833 | Zot:5    | Killed an ancient lich
 71059 | Zot:5    | Noticed a dread lich
 71065 | Zot:5    | Killed a dread lich
 71103 | Zot:5    | Reached skill level 22 in Dodging
 71562 | Zot:5    | Reached skill level 23 in Dodging
 71573 | Zot:5    | Noticed an ancient lich
 71581 | Zot:5    | Killed an ancient lich
 71745 | Zot:5    | Lost mutation: Your health recovers twice as slowly from
                  | being drained. [potion of mutation]
 71745 | Zot:5    | Lost mutation: Your spells are a little harder to cast, but
                  | a little more powerful. [potion of mutation]
 71746 | Zot:5    | Lost mutation: Your muscles are strong. (Str +4, Int/Dex
                  | -1) [potion of mutation]
 71746 | Zot:5    | Lost mutation: Your body sometimes deteriorates upon taking
                  | damage. [potion of mutation]
 71746 | Zot:5    | Gained mutation: You have hidden genetic defects. [potion
                  | of mutation]
 71746 | Zot:5    | Gained mutation: You are vulnerable to cold. (rC-) [potion
                  | of mutation]
 71746 | Zot:5    | Gained mutation: You are dopey. (Int -2) [potion of
                  | mutation]
 71747 | Zot:5    | Lost mutation: You have hidden genetic defects. [potion of
                  | mutation]
 71747 | Zot:5    | Lost mutation: Your magical capacity is low. (-10% MP)
                  | [potion of mutation]
 71747 | Zot:5    | Lost mutation: You are dopey. (Int -2) [potion of mutation]
 71747 | Zot:5    | Gained mutation: You have a pair of small antennae on your
                  | head. [potion of mutation]
 71748 | Zot:5    | Lost mutation: You are vulnerable to cold. (rC-) [potion of
                  | mutation]
 71748 | Zot:5    | Lost mutation: You have a pair of small antennae on your
                  | head. [potion of mutation]
 71748 | Zot:5    | Gained mutation: You are agile. (Dex +4, Str/Int -1)
                  | [potion of mutation]
 71748 | Zot:5    | Lost mutation: You are agile. (Dex +4, Str/Int -1) [potion
                  | of mutation]
 71764 | Zot:5    | Got the Orb of Zot
 71767 | Zot:5    | Noticed Deraxic the pandemonium lord
 71778 | Zot:5    | Noticed Hidufit the pandemonium lord
 71997 | Depths:1 | Noticed Piuqezig the pandemonium lord
 72313 | D:$      | Escaped with the Orb!

Illustrated notes

Levels and vault maps discovered:
D:1:      ldierk_walled_garden_2, layout_basic
D:2:      layout_basic, serial_shops, shop, uniq_sigmund
D:3:      layout_loops_ring, nicolae_gozag_conspicuous_consumption,
          nicolae_dithmenos_shadow_blocks, serial_shops,
          nicolae_shop_hallway_plus, minmay_misc_feat_room, uniq_ijyb
D:4:      layout_rooms, uniq_eustachio
D:5:      layout_cave_pools, mainiacjoe_overflow_catwalk,
          nemelex_xobeh_ov_fountains_minmay, grunt_decor_arrowhead,
          hangedman_abyss_or_decor_slice, uniq_pikel, uniq_crazy_yiuf_cottage,
          uniq_prince_ribbit1, uniq_menkaure
D:6:      layout_loops_corners, minmay_temple_entry_statues_fountains,
          minmay_misc_feat_enclosed, nicolae_nh_ransacked_shop, uniq_maggie,
          uniq_jeremiah
D:7:      layout_loops_ring, lemuel_doored_altar, minmay_misc_feat_plants
D:8:      layout_basic, serial_shops, nicolae_shop_trees, nicolae_hexahallways,
          nicolae_zig_zag_zippers
D:9:      layout_big_octagon, serial_shops, shop, nicolae_two_hexagons,
          uniq_harold
D:10:     layout_roguey, gammafunk_temple_overflow_elements, dpeg_lair_monsters,
          serial_aquarium, aquarium_bridge_square [aquarium_subvault_window,
          aquarium_subvault_bridge, aquarium_subvault_wall,
          aquarium_subvault_wall], aquarium_window_2, aquarium_window_2,
          aquarium_view_2d
D:11:     layout_loops_cross, uniq_grum
D:12:     layout_roguey, zombieorc1_lemuel, kennysheep_cross_room,
          roderic_serpentine_path, lemuel_flame_loot_1
D:13:     layout_irregular_city, nicolae_trove_entry_crystal, serial_glass,
          glass_columns_a, glass_columns_a
D:14:     layout_stronghold, david_vaults_2, nicolae_kikubaaqudgha_miasma_corner
D:15:     hangedman_depths_entry_try_elsewhere_first, layout_cave_pools,
          nicolae_titane
Temple:   nicolae_temple_superstar
Lair:1:   layout_roguey, uniq_urug
Lair:2:   layout_hall_layers, nicolae_swamp_entry_splash_gauntlet,
          patterned_corridor, infiniplex_staircase_pool_2
Lair:3:   layout_regular_city, dummy_spider_entry, worms_lemuel,
          lemuel_fruit_fields
Lair:4:   layout_regular_city, slime_entry_1, bobbens_dragon_lair_wall,
          grunt_megastairs_2, serial_bayou_shore_a
Lair:5:   cheibrodos_lair_end_hotspot, layout_layer_cave
Swamp:1:  layout_basic_swamp, nicolae_swamp_oxbows, swamp_pool_1_2,
          nicolae_swamp_oklob_treasure_island
Swamp:2:  regret_index_all_hallows'_manor, layout_basic_swamp,
          evilmike_swamp_ruin_house_2, uniq_mlioglotl
Swamp:3:  nicolae_swamp_phyte_club, layout_basic_swamp,
          nicolae_swamp_small_spring
Swamp:4:  grunt_swamp_rune_castle, layout_basic_swamp,
          ebering_ghost_disaster_area
Spider:1: layout_spider_delve, nicolae_spider_wall_of_niches,
          hangedman_spider_tarantella_strand
Spider:2: layout_chambers
Spider:3: layout_spider_delve, hellmonk_ghost_happy_afterlife
Spider:4: guppyfry_spider_rune, uniq_mara
Slime:1:  layout_caves
Slime:2:  layout_caves
Slime:3:  layout_caves
Slime:4:  layout_caves
Slime:5:  slime_pit_nicolae_amoeboid
Orc:1:    layout_diamond_mine
Orc:2:    st_orc_congregation, layout_diamond_mine, serial_shops,
          nicolae_shop_just_a_little_nook
Elf:1:    eino_elf_arrival_the_gate, layout_geoelf_diagonals,
          hangedman_corner_corridor, nicolae_twisting_strands, minivault_5,
          elves_outpost_lemuel, minmay_shop_grove, uniq_donald, uniq_jorgrun
Elf:2:    nicolae_elf_blades_crystal_corner, layout_geoelf_diagonals
Elf:3:    elf_hall_gauntlet_wide, layout_onion_city, palyth_stone_intersect
Vaults:1: grunt_vaults_hallway_long, nicolae_vaults_sealed_display,
          nicolae_vaults_oozy_zoo, v_alt_pattern_1, nicolae_vaults_gold_heap,
          hangedman_vaults_nails, nicolae_vaults_offset_grid_hallway_4,
          nicolae_vaults_door_testing_chamber, nicolae_vaults_mini_display_case,
          nicolae_vaults_little_squares_1, nicolae_vaults_frosty_reception,
          nicolae_vaults_diagonal_hallway_7, layout_vaults_omnicross,
          serial_shops, nicolae_shop_just_a_little_nook
Vaults:2: nicolae_vaults_weapon_check, v_misc_2,
          minmay_crypt_entry_simple_walls, nicolae_vaults_wine_cellar,
          nicolae_vaults_yaktaur_gun_rack, vaults_dpeg_ring,
          layout_vaults_omnigrid, serial_shops, shop
Vaults:3: v_alt_pattern_5, vaults_room_grid, nicolae_vaults_prndl,
          nicolae_vaults_arrows, vaults_room_fancy_cross, dpeg_vaults_waves,
          v_misc_33, vaults_room_large_hall, nicolae_vaults_two_Ls,
          layout_vaults_omnibox, serial_shops, shop, uniq_bai_suzhen
Vaults:4: vaults_room_door_hall, v_rooms_1, v_misc_5, hangedman_vaults_unwind,
          v_misc_25, nicolae_vaults_octothorpe, v_misc_19, v_misc_28,
          vaults_room_door_hall, ontoclasm_vaults_ring_square,
          nicolae_vaults_angled_halls, nicolae_vaults_tetromino_Z_1,
          layout_vaults_big_room, serial_glass
Vaults:5: serial_shops
Crypt:1:  layout_chaotic_city, grunt_megastairs_3
Depths:1: layout_cave_pools, hell_entry, gammafunk_ghost_crypt, serial_shops,
          shop, rand_demon_pan_entry_9, hangedman_abyss_entry_splay,
          kennysheep_generic_room_6
Depths:2: minmay_inside_and_out, layout_twisted_cross, enter_ziggurat_f,
          serial_shops, shop, hell_entry, rand_demon_pan_entry_1,
          okawaru_gym_becter, infiniplex_staircase_squiggle
Depths:3: gold_lair_mu, layout_small_grid, pf_vacation_house_of_asmodeus,
          serial_shops, nicolae_shop_advertising_works
          [nicolae_subvault_shop_adworks], nicolae_tso_carved_into_rock,
          abyss_entry, mu_enter_wizlab_4, grunt_pan_entry_zigzag, uniq_vv
Depths:4: grunt_zot_entry_pinwheel, layout_cave_pools,
          grunt_hell_entry_demonic_statue, abyss_entry,
          serial_sigils_hangedman_gut, minivault_16
Zot:1:    layout_basic
Zot:2:    layout_cathedral_of_symmetry, regret_index_zotdec_carving_tricks
Zot:3:    layout_cathedral_of_symmetry, skrybe_zot_glass_2
Zot:4:    layout_gridlike, regret_index_zotdec_zees, grunt_megastairs_5
Zot:5:    layout_basic

Skill      XL: |  1  2  3  4  5  6  7  8  9 10 11 12 13 14 15 16 17 18 19 20 21 22 23 24 25 26 |
---------------+-------------------------------------------------------------------------------+-----
Long Blades    | 3 4 5 6 7 9 10 12 13 14 15 16 17 18 | 18.0
Dodging        | 4 5 6 7 9 10 11 12 14 16 17 19 20 21 23 | 23.8
Fighting       | 2 3 4 6 7 8 10 12 14 16 17 19 20 21 | 21.0
Evocations     | 1 3 4 6 7 |  7.0
Shields        | 3 4 6 10 12 | 12.0
Invocations    | 5 6 7 10 13 | 13.2
Spellcasting   | 5 6 9 12 14 | 14.0
Ice Magic      | 4 6 |  6.0
Translocations | 4 6 8 9 14 | 14.1
Armour         | 3 5 |  5.0
Hexes          | 3 7 |  7.1
Summonings     | 2 10 13 15 | 15.8
Air Magic      | 5 |  5.0
Shapeshifting  | 11 16 | 16.0
Necromancy     | 7 8 |  8.0
Earth Magic    | 4 5 |  5.0
Throwing       | |  2.0

Action                     |  1- 3 |  4- 6 |  7- 9 | 10-12 | 13-15 | 16-18 | 19-21 | 22-24 | 25-27 || total
---------------------------+-------+-------+-------+-------+-------+-------+-------+-------+-------++-------
  Melee: Long sword        |    83 |   125 |   352 |    36 |       |       |       |       |       ||   596
         Punch             |     1 |     1 |     7 |     1 |       |       |       |       |       ||    10
         Scimitar          |       |       |       |   502 |  1041 |  1095 |   114 |       |       ||  2752
         Falchion          |       |       |       |       |    61 |       |       |       |       ||    61
         Demon blade       |       |       |       |       |       |       |  1116 |  1145 |   426 ||  2687
  Throw: Dart              |       |     4 |     5 |     6 |     4 |       |     3 |       |       ||    22
         Throwing net      |       |     2 |     2 |       |     2 |       |       |       |       ||     6
         Javelin           |       |       |     3 |       |       |       |       |       |       ||     3
   Cast: Ozocubu's Armour  |       |       |       |       |    25 |    15 |    10 |     1 |       ||    51
         Summon Mana Viper |       |       |       |       |       |    12 |    34 |    20 |    27 ||    93
         Summon Forest     |       |       |       |       |       |     5 |     9 |    10 |    14 ||    38
         Blink             |       |       |       |       |       |     4 |     2 |     4 |     4 ||    14
         Summon Lightning  |       |       |       |       |       |     2 |       |       |       ||     2
         Passwall          |       |       |       |       |       |       |       |     4 |     2 ||     6
         Manifold Assault  |       |       |       |       |       |       |       |       |     4 ||     4
         Passage of Golubr |       |       |       |       |       |       |       |       |    13 ||    13
         Malign Gateway    |       |       |       |       |       |       |       |       |     5 ||     5
         Vhi's Electric Ch |       |       |       |       |       |       |       |       |     1 ||     1
 Invoke: Recall Ancestor   |       |       |     3 |     4 |    18 |    13 |     9 |    11 |    15 ||    73
         Ancestor Life: Ba |       |       |     1 |       |       |       |       |       |       ||     1
         Idealise          |       |       |       |     3 |    18 |    18 |    10 |    12 |    10 ||    71
  Evoke: Wand              |       |    11 |    12 |    15 |    10 |    31 |     3 |    10 |     5 ||    97
         Box of beasts     |       |       |       |       |     2 |     3 |       |     1 |     1 ||     7
         Tin of tremorston |       |       |       |       |     2 |     2 |       |     2 |       ||     6
         Lightning rod     |       |       |       |       |       |       |       |     4 |       ||     4
         Phantom mirror    |       |       |       |       |       |       |       |       |     1 ||     1
    Use: Potion            |     2 |       |     3 |       |     5 |     3 |     3 |    22 |    13 ||    51
         Scroll            |       |       |    11 |    10 |    17 |    14 |    13 |    21 |     7 ||    93
   Stab: Sleeping          |     2 |     7 |     2 |     3 |     5 |     4 |     6 |     2 |       ||    31
         Paralysed         |       |       |    21 |    13 |       |     2 |       |       |       ||    36
         Held in net/web   |       |       |     1 |       |     5 |       |       |       |       ||     6
         Distracted        |       |       |     1 |    16 |    29 |    38 |    40 |    28 |    15 ||   167
         Invisible         |       |       |       |       |       |       |    10 |     6 |       ||    16
 Armour: Leather armour    |    46 |    47 |    66 |       |       |     3 |       |       |       ||   162
         Skin              |       |       |    12 |       |       |       |   174 |   653 |   277 ||  1116
         Steam dragon scal |       |       |    65 |   200 |   313 |   148 |       |       |       ||   726
         Scale mail        |       |       |       |       |    45 |    80 |    78 |       |       ||   203
         Swamp dragon scal |       |       |       |       |       |   286 |   271 |       |       ||   557
  Dodge: Dodged            |    67 |   114 |   306 |   449 |   790 |  1136 |   831 |  1118 |   415 ||  5226
  Block: Buckler           |       |       |       |   162 |   260 |   336 |    33 |    89 |   256 ||  1136
         Kite shield       |       |       |       |       |       |       |   800 |   993 |       ||  1793
         Reflection        |       |       |       |       |       |       |       |    10 |    36 ||    46
   Form: Statue            |       |       |       |       |       |       |     1 |       |       ||     1
